AoeStats
← jmcollier139

Black Forest

510909221Analyzed
3v3 RM · 16h ago on Oct 3, 2026· 51m 47s· 6 players
Game mode
Random Map
Map size
Normal (6 player)
Population
200
Speed
Normal
Resources
Standard
Victory
Conquest
Starting age
Dark Age
Ending age
Imperial Age
RankedLock teamsTeams togetherTeam positionsShared explorationLock speedFull tech treeHidden civsTurbo modeCheats
Victory
Defeat
🇲🇽 Khmer · Mexico
907
+16
🇺🇸 Mongols · United States
875
+17
🇺🇸 Britons · United States
868
+18
🇨🇦 Romans · Canada
907
-17
🇨🇦 Teutons · Canada
906
-17
🇨🇦 Persians · Canada
897
-17
rgoessl
0:42 Loom
12:56 Feudal Age
20:00 Castle Age
17:39 Man-at-Arms
19:31 Double-Bit Axe
19:30 Horse Collar
19:50 Gold Mining
22:09 Long Swordsman
23:07 Gambesons
26:21 Wheelbarrow
25:31 Town Watch
26:13 Bow Saw
26:19 Arson
26:36 Squires
27:06 Scale Mail Armor
31:31 Heavy Plow
37:01 Imperial Age
35:08 Stone Mining
35:21 Fletching
35:32 Padded Archer Armor
34:55 Elite Skirmisher
35:35 Pikeman
36:46 Hand Cart
36:34 Town Patrol
38:12 Two-Handed Swordsman
39:35 Crop Rotation
40:09 Two-Man Saw
38:47 Capped Ram
39:56 Leather Archer Armor
42:00 Ironclad
43:00 Chemistry
42:12 Fortified Wall
42:48 Ring Archer Armor
42:34 Chain Mail Armor
46:11 Onager
48:28 Siege Engineers
52:17 Plate Mail Armor
51:57 Forging
alexsnyder3
1:04 Loom
16:56 Feudal Age
18:46 Double-Bit Axe
19:15 Horse Collar
25:34 Castle Age
24:21 Stone Mining
24:25 Gold Mining
26:41 Bow Saw
26:46 Heavy Plow
28:51 Man-at-Arms
28:54 Pikeman
36:03 Imperial Age
34:27 Gold Shaft Mining
34:57 Masonry
34:58 Fortified Wall
37:26 Bloodlines
37:16 Husbandry
36:40 Capped Ram
36:50 Halberdier
37:19 Light Cavalry
40:04 Crop Rotation
40:11 Wheelbarrow
40:15 Caravan
41:32 Heavy Scorpion
42:53 Hand Cart
42:01 Elite Skirmisher
42:49 Scale Mail Armor
jmcollier139
0:49 Loom
11:28 Feudal Age
19:44 Castle Age
18:41 Horse Collar
19:22 Double-Bit Axe
20:15 Gold Mining
30:18 Imperial Age
29:43 Bow Saw
29:42 Heavy Plow
31:54 Gold Shaft Mining
31:58 Husbandry
33:47 Chemistry
34:12 Scale Barding Armor
34:17 Forging
34:09 Padded Archer Armor
34:45 Cavalier
37:31 Savar
41:09 Conscription
41:45 Chain Barding Armor
42:01 Iron Casting
41:37 Bloodlines
43:08 Plate Barding Armor
44:15 Leather Archer Armor
45:24 Caravan
47:21 Blast Furnace
49:46 Coinage
keager241
0:41 Loom
12:33 Feudal Age
13:56 Wheelbarrow
13:18 Double-Bit Axe
13:42 Horse Collar
16:19 Gold Mining
22:06 Castle Age
20:12 Stone Mining
20:43 Scale Mail Armor
21:38 Arson
23:17 Man-at-Arms
34:36 Heavy Plow
34:53 Long Swordsman
35:19 Gambesons
36:10 Bow Saw
36:51 Squires
36:13 Pikeman
38:08 Ballistics
41:21 Fletching
41:31 Padded Archer Armor
43:26 Hand Cart
44:23 Bodkin Arrow
44:43 Leather Archer Armor
49:43 Imperial Age
50:24 Gold Shaft Mining
50:56 Warwolf
51:02 Halberdier
51:19 Elite Longbowman
52:30 Yeomen
52:32 Conscription
FlorgeJoyd
0:45 Loom
11:43 Feudal Age
16:52 Castle Age
15:01 Double-Bit Axe
15:02 Horse Collar
18:01 Wheelbarrow
19:39 Bow Saw
19:38 Heavy Plow
27:20 Fletching
27:31 Padded Archer Armor
27:44 Bloodlines
27:34 Husbandry
28:15 Bodkin Arrow
29:01 Leather Archer Armor
32:50 Imperial Age
30:48 Ballistics
31:26 Hand Cart
32:40 Murder Holes
32:56 Onager
33:51 Bracer
36:25 Elite Mangudai
37:26 Conscription
37:30 Drill
39:32 Chemistry
Josep Zicri
0:31 Loom
10:12 Feudal Age
15:20 Double-Bit Axe
18:35 Castle Age
16:45 Gold Mining
16:45 Horse Collar
17:31 Stone Mining
19:45 Heavy Plow
21:06 Bow Saw
22:12 Wheelbarrow
21:39 Town Watch
34:37 Imperial Age
34:01 Tusk Swords
36:05 Double Crossbow
36:30 Hand Cart
36:16 Town Patrol
37:56 Chemistry
36:52 Murder Holes
37:05 Scale Barding Armor
37:11 Forging
38:00 Conscription
37:45 Heavy Scorpion
39:50 Iron Casting
39:36 Chain Barding Armor
40:13 Elite Ballista Elephant
42:05 Gold Shaft Mining
42:05 Stone Shaft Mining
43:08 Hoardings
Connection lost

Rejoining the realm…

Still unreachable

The connection could not be restored.

Session expired

The server has moved on; the page needs a fresh start.